 Dungeon Crawl Stone Soup version 0.22.1-1-ga44c0e5 (webtiles) character file.

446 Stendarr the Conjurer (level 7, 0/46 HPs)
             Began as a Human Air Elementalist on Sept 30, 2018.
             Was an Initiate of Okawaru.
             Killed from afar by an orc wizard (12 damage)
             ... with a puff of flame
             ... on level 4 of the Dungeon.
             The game lasted 00:19:01 (4727 turns).

Stendarr the Conjurer (Human Air Elementalist)      Turns: 4727, Time: 00:19:01

Health: 0/46       AC:  4    Str: 11    XL:     7   Next: 24%
Magic:  6/12       EV: 13    Int: 15    God:    Okawaru [......]
Gold:   178        SH:  0    Dex: 13    Spells: 6/12 levels left

rFire    . . .     SeeInvis .   l - +1 trident (freeze)
rCold    . . .     Gourm    .   (no shield)
rNeg     . . .     Faith    .   a - +0 robe
rPois    .         Spirit   .   (no helmet)
rElec    .         Reflect  .   (no cloak)
rCorr    .         Harm     .   h - +0 pair of gloves
MR       .....                  d - +0 pair of boots
Stlth    ++........             (no amulet)
HPRegen  0.15/turn              (no ring)
MPRegen  0.13/turn              (no ring)

@: swift, quick
A: no striking features
a: Renounce Religion


You were on level 4 of the Dungeon.
You worshipped Okawaru.
Okawaru was noncommittal.
You were not hungry.

You visited 2 branches of the dungeon, and saw 5 of its levels.

You collected 178 gold pieces.

Inventory:

Hand Weapons
 l - a +1 trident of freezing (weapon)
Missiles
 n - 8 javelins (quivered)
Armour
 a - a +0 robe (worn)
 d - a +0 pair of boots (worn)
 h - a +0 pair of gloves (worn)
Scrolls
 f - a scroll of enchant weapon {unknown}
 g - 4 scrolls of fog {unknown}
 i - 2 scrolls of identify {unknown}
 j - a scroll of enchant armour {unknown}
 m - a scroll of teleportation {unknown}
 p - 2 scrolls of amnesia {unknown}
 q - 2 scrolls of remove curse {unknown}
Potions
 b - a potion of degeneration {unknown}
 e - a potion of flight {unknown}
 k - 4 potions of brilliance {unknown}
 o - a potion of agility {unknown}
Comestibles
 c - 5 rations


   Skills:
 + Level 3.5 Dodging
 - Level 2.0 Stealth
 + Level 3.4 Spellcasting
 * Level 4.5 Conjurations
 + Level 4.3 Air Magic


You had 6 spell levels left.
You knew the following spells:

 Your Spells              Type           Power        Failure   Level  Hunger
a - Shock                 Conj/Air       ###.         3%          1    None
b - Static Discharge      Conj/Air       ###.....     10%         3    ###....
c - Swiftness             Chrm/Air       #.......     12%         2    ##.....

Your spell library contained the following spells:

 Spells                   Type           Power        Failure   Level  Hunger
 Airstrike                Air            ###.......   32%         4    ####...
 Lightning Bolt           Conj/Air       ###.......   65%         5    ######.


Dungeon Overview and Level Annotations

Branches:
Dungeon (4/15)             Temple (1/1) D:4

Altars:
Cheibriados
Dithmenos
Fedhas
Hepliaklqana
Makhleb
Nemelex Xobeh
Okawaru
Ru
Uskayaw
Vehumet
Wu Jian
Xom
Yredelemnul
Zin
The Shining One

Annotations:
D:4 1 runed door, Shutra's ghost, amateur DsCK


Message History

The zap hits something.
Casting: Shock (safe; 3% risk of failure)
Confirm with . or Enter, or press ? or * to list all spells.
You don't know that spell.
Casting: Shock (safe; 3% risk of failure)
Confirm with . or Enter, or press ? or * to list all spells.
You feel quick. Something barely misses you.
Casting: Swiftness (safe; 12% risk of failure)
Confirm with . or Enter, or press ? or * to list all spells.
You can't see any susceptible monsters within range! (Use Z to cast anyway.)
Casting: Swiftness (safe; 12% risk of failure)
Confirm with . or Enter, or press ? or * to list all spells.
Something is struck by lightning.
The lightning arcs!
You are struck by lightning.
* * * LOW HITPOINT WARNING * * *
The lightning grounds out.
You hear some strange, mumbled words.
A puff of flame appears from out of thin air!
The puff of flame hits you!
You die...

#....##...##..........#≈≈≈#.
##(#.###.##..#..##..###≈≈≈##
#......#.#..........###≈≈≈≈#
##....................#≈≈≈≈#
#...###.###.#.##..####≈≈≈≈#
#...# #...........#########
#...###.................###
###............#...###......
#..........@..............##
###..#######{###..........#.
#..# #.# #....##....#.
#..#######.###............
##.##.....................
#.##...................##
#######.######...##..#.##
#...#.#.#...##..#.##
#..#..#o##.......#.##


There were no monsters in sight!

Vanquished Creatures
  A howler monkey (D:4)
  A hound (D:4)
  3 orc wizards (D:4)
  2 iguanas (D:4)
  2 worker ants (D:4)
  3 gnolls (D:3)
  5 adders (D:2)
  An ooze (D:1)
  2 worms (D:2)
  3 dart slugs
  3 leopard geckos
  12 orcs
  12 bats
  3 giant cockroaches
  4 goblins
  9 hobgoblins
  6 jackals
  10 kobolds
  5 quokkas
  A ball python (D:4)
  8 frilled lizards
  4 rats
100 creatures vanquished.

Notes
Turn   | Place    | Note
-------+----------+-------------------------------------------
     0 | D:1      | Stendarr the Human Air Elementalist began the quest for the
                  | Orb.
     0 | D:1      | Reached XP level 1. HP: 13/13 MP: 3/3
   239 | D:1      | Reached XP level 2. HP: 19/19 MP: 1/5
   432 | D:1      | Reached XP level 3. HP: 24/24 MP: 6/6
   791 | D:2      | Reached XP level 4. HP: 28/30 MP: 0/7
  1166 | D:2      | Found a burning altar of Makhleb.
  1168 | D:2      | Found a glowing silver altar of Zin.
  1168 | D:2      | Noticed an angel
  1169 | D:2      | Noticed an Executioner
  1216 | D:2      | Reached XP level 5. HP: 21/35 MP: 3/8
  2693 | D:3      | Found a faded altar of an unknown god.
  3086 | D:4      | Reached XP level 6. HP: 35/41 MP: 5/10
  3148 | D:4      | Found a shadowy altar of Dithmenos.
  3755 | D:4      | Reached XP level 7. HP: 30/46 MP: 4/11
  3853 | D:4      | Learned a level 3 spell: Static Discharge
  3856 | D:4      | Learned a level 2 spell: Swiftness
  3987 | D:4      | Found a staircase to the Ecumenical Temple.
  3996 | Temple   | Entered the Ecumenical Temple
  4135 | Temple   | Became a worshipper of Warmaster Okawaru
  4406 | D:4      | Found a runed door.
  4408 | D:4      | Noticed Shutra's ghost (amateur DsCK)
  4727 | D:4      | Killed from afar by an orc wizard

Skill      XL: |  1  2  3  4  5  6 |
---------------+-------------------+-----
Conjurations   | 2 3 4 |  4.5
Dodging        | 3 |  3.5
Spellcasting   | 3 |  3.4
Air Magic      | 4 |  4.3
Stealth        | |  2.0

Action                   |  1- 3 |  4- 6 |  7- 9 || total
-------------------------+-------+-------+-------++-------
Melee: Mace              |    28 |    77 |       ||   105
       Trident           |       |    45 |    20 ||    65
 Cast: Shock             |    29 |    81 |    10 ||   120
       Swiftness         |       |       |     1 ||     1
       Static Discharge  |       |       |     1 ||     1
 Stab: Sleeping          |       |     6 |       ||     6
  Eat: Chunk             |       |    10 |     1 ||    11
       Ration            |       |       |     1 ||     1
Armor: Robe              |    15 |    36 |     2 ||    53
Dodge: Dodged            |    23 |   118 |     6 ||   147
